 Dungeon Crawl Stone Soup version 0.20.0-15-g7f486f2 (webtiles) character file.

14167 LlamaCharmer the Grappler (level 11, -7/117 HPs)
             Began as a Troll Fighter on June 18, 2017.
             Was a High Priest of Okawaru.
             Mangled by a salamander
             ... wielding a +2 lajatang of flaming
              (10 damage)
             ... in a volcano.
             The game lasted 00:32:40 (10336 turns).

LlamaCharmer the Grappler (Troll Fighter)          Turns: 10336, Time: 00:32:41

Health: -7/117     AC:  9    Str: 26    XL:     11   Next: 85%
Magic:  10/10      EV: 13    Int:  4    God:    Okawaru [*****.]
Gold:   980        SH: 10    Dex: 16    Spells: 10/10 levels left

rFire    + . .     SeeInvis +     - Unarmed
rCold    . . .     Gourm    +   b - +0 shield
rNeg     + . .     Faith    .   Q - +2 robe {MR+}
rPois    .         Spirit   .   u - +1 hat
rElec    +         Reflect  .   D - +0 cloak
rCorr    .         Harm     .   (gloves unavailable)
MR       +....                  (boots unavailable)
Stlth    ++........             w - amulet of magic regeneration
Regen    0.7/turn               P - ring "Boib Qal" {rElec rN+ Dex+4 SInv}
MPRegen  0.2/turn               m - ring of protection from fire

@: no status effects
A: unfitting armour, claws 3, fast metabolism 3, gourmand, regeneration 1,
shaggy fur 1, tough skin 2
a: Heroism, Finesse, Renounce Religion


You were in a volcano.
You worshipped Okawaru.
Okawaru was extremely pleased with you.
You were very full.

You visited 3 branches of the dungeon, and saw 14 of its levels.
You also visited: Volcano.

You collected 980 gold pieces.

Inventory:

Missiles
 c - a throwing net
 h - 9 javelins (quivered)
 C - 5 needles of confusion
Armour
 a - a +2 robe
 b - a +0 shield (worn)
 s - a +0 troll leather armour
 u - a +1 hat (worn)
 D - a +0 cloak (worn)
 Q - a +2 robe of magic resistance (worn)
Jewellery
 e - an uncursed ring of protection from magic
 m - a ring of protection from fire (right claw)
 t - an uncursed amulet of inaccuracy
 w - an amulet of magic regeneration (around neck)
 K - a +2 ring of strength
 P - the ring "Boib Qal" (left claw) {rElec rN+ Dex+4 SInv}
   (You found it on level 11 of the Dungeon)

   [ring of see invisible]

   It affects your dexterity (+4).
   It insulates you from electricity.
   It protects you from negative energy.
   It lets you see invisible.
Wands
 q - a wand of digging (13/24)
 y - a wand of flame (13/48)
 E - a wand of lightning (5/15)
 L - a wand of flame (13/48)
 N - a wand of flame (17/48)
Scrolls
 j - 4 scrolls of teleportation
 l - a scroll of recharging
 o - 3 scrolls of remove curse
 v - 3 scrolls of magic mapping
 x - 2 scrolls of amnesia
 B - a scroll of fog
 J - a scroll of enchant weapon
Potions
 f - 3 potions of lignification
 n - 2 potions of mutation
 p - 2 potions of ambrosia {unknown}
 r - 3 potions of magic {unknown}
 z - 7 potions of brilliance {unknown}
 A - a potion of curing
 H - a potion of flight {unknown}
 I - a potion of agility {unknown}
 M - a potion of haste {unknown}
 R - a potion of cancellation {unknown}
Comestibles
 d - 17 bread rations
 g - 4 meat rations
 i - 10 fruits
 k - 4 chunks of flesh
 G - 7 royal jellies


   Skills:
 + Level 9.7 Fighting
 - Level 0.1 Throwing
 * Level 7.0 Dodging
 - Level 1.1 Stealth
 - Level 4.8 Shields
 + Level 12.5 Unarmed Combat


You had 10 spell levels left.
You didn't know any spells.

Dungeon Overview and Level Annotations

Branches:
Dungeon (11/15)            Temple (1/1) D:5            Lair (2/6) D:11
    Orc (0/2) D:9
  Swamp: Lair:2-4    Shoals: Lair:2-4     Snake: Lair:2-4    Spider: Lair:2-4

Altars:
Ashenzari
Cheibriados
Dithmenos
Elyvilon
Fedhas
Gozag
Hepliaklqana
Kikubaaqudgha
Makhleb
Nemelex Xobeh
Okawaru
Qazlal
Ru
Sif Muna
Trog
Uskayaw
Vehumet
Xom
Yredelemnul
Zin
The Shining One
Beogh

Annotations:
D:3 Edmund


Innate Abilities, Weirdness & Mutations

You are too large for most types of armour.
You have claws for hands.
Your metabolism is lightning-fast.
You like to eat raw meat.
Your natural rate of healing is unusually fast.
You are covered in fur. (AC +1)
You have very tough skin. (AC +2)


Message History

* * * LOW HITPOINT WARNING * * *
You are engulfed in flames.
You resist.
* * * LOW HITPOINT WARNING * * *
You feel better.
Your surroundings flicker for a moment.
The salamander shoots an arrow.
The arrow hits you!
* * * LOW HITPOINT WARNING * * *
The arrow burns you.
* * * LOW HITPOINT WARNING * * *
You block the salamander's attack. The salamander closely misses you.
The salamander barely misses you.
You feel better. The salamander closely misses you.
The salamander hits you from afar with a halberd.
* * * LOW HITPOINT WARNING * * *
You are engulfed in flames!
You resist.
* * * LOW HITPOINT WARNING * * *
The salamander misses you.
The salamander mystic casts a spell at the salamander.
The salamander seems to speed up.
The salamander hits you with a lajatang of flaming!
You die...

# .) #### # #.
##∩.. . #. #[(N#
#.#.##... #.#.N..#
#..N.# ##.#..N@###
#...(N∩§NN#
..####N.§N.§......
#.#.§#####.###
..###.##.. .[[.
### ...# #∩## .[)#
# #.## ##


You could see a salamander mystic and 7 salamanders.

Vanquished Creatures
  Snorg (D:11)
  Erica (D:11)
  A two-headed ogre (D:9)
  The ghost of ThereIsNoGod the Geomancer, a journeyman SpEE of Sif Muna (Volcano)
  Urug (D:11)
  A wizard (D:10)
  Joseph (D:9)
  4 spiny frogs (Lair:1)
  A komodo dragon (Lair:1)
  A kobold demonologist (D:11)
  3 trolls
  4 blink frogs (Lair:1)
  A hippogriff (D:8)
  Sigmund (D:4)
  A water elemental (D:11)
  2 wyverns
  A basilisk (Lair:2)
  7 yaks
  A water moccasin (Lair:1)
  2 porcupines
  2 orc warriors (D:8)
  5 sky beasts
  2 ice beasts
  An eye of draining (D:10)
  4 phantoms
  2 wolves (D:11)
  6 centaurs
  5 ogres
  2 crocodiles
  8 bullfrogs
  A wyvern zombie (D:6)
  4 scorpions
  5 electric eels
  9 crimson imps
  2 bullfrog zombies
  2 quasits
  2 jellies
  A gnoll shaman (D:8)
  An orc priest (D:8)
  8 hounds
  An orc wizard (D:3)
  A centaur skeleton (D:10)
  2 iguanas
  Terence (D:2)
  7 worker ants
  A worker ant zombie (D:10)
  12 adders
  9 gnolls
  A shadow imp (D:7)
  2 worms
  3 dart slugs
  2 leopard geckos
  43 orcs
  3 ball pythons
  10 bats
  2 giant cockroaches
  7 goblins
  7 hobgoblins
  3 jackals (D:2)
  6 quokkas
  4 frilled lizards
  6 kobolds
  18 rats
259 creatures vanquished.

Vanquished Creatures (others)
  5 toadstools (D:1)
5 creatures vanquished.

Grand Total: 264 creatures vanquished

Notes
Turn   | Place    | Note
-------+----------+-------------------------------------------
     0 | D:1      | LlamaCharmer the Troll Fighter began the quest for the Orb.
     0 | D:1      | Reached XP level 1. HP: 22/22 MP: 0/0
    68 | D:1      | Reached XP level 2. HP: 29/29 MP: 1/1
   582 | D:2      | Reached XP level 3. HP: 35/36 MP: 2/2
   940 | D:2      | Found a snail-covered altar of Cheibriados.
   997 | D:2      | Reached skill level 3 in Unarmed Combat
  1109 | D:3      | Noticed Terence
  1140 | D:2      | Killed Terence
  1140 | D:2      | Reached XP level 4. HP: 31/44 MP: 3/3
  1434 | D:3      | Found an opulent altar of Gozag.
  1549 | D:3      | Reached XP level 5. HP: 50/50 MP: 4/4
  1565 | D:3      | Reached skill level 4 in Unarmed Combat
  1836 | D:4      | Noticed Edmund
  2359 | D:4      | Noticed Sigmund
  2561 | D:4      | Killed Sigmund
  2561 | D:4      | Reached skill level 5 in Unarmed Combat
  2561 | D:4      | Reached XP level 6. HP: 55/59 MP: 5/5
  2638 | D:5      | Entered Level 5 of the Dungeon
  2989 | D:5      | Found a shimmering altar of Xom.
  3020 | D:5      | Reached skill level 1 in Stealth
  3302 | D:5      | Found a staircase to the Ecumenical Temple.
  3629 | D:5      | Reached XP level 7. HP: 66/66 MP: 6/6
  3693 | D:6      | Reached skill level 6 in Unarmed Combat
  3832 | D:6      | Found a burning altar of Makhleb.
  4425 | D:7      | Reached skill level 7 in Unarmed Combat
  4425 | D:7      | Reached XP level 8. HP: 72/75 MP: 7/7
  4733 | Temple   | Entered the Ecumenical Temple
  4799 | Temple   | Became a worshipper of Warmaster Okawaru
  4966 | D:7      | Found a basalt altar of Yredelemnul.
  5241 | D:7      | Reached skill level 8 in Unarmed Combat
  5613 | D:8      | Reached skill level 5 in Fighting
  5644 | D:8      | Noticed a hippogriff
  5652 | D:8      | Killed a hippogriff
  5798 | D:8      | Reached * piety under Okawaru
  5868 | D:8      | Reached XP level 9. HP: 88/88 MP: 8/8
  5925 | D:8      | Found a shadowy altar of Dithmenos.
  6093 | D:8      | Reached skill level 9 in Unarmed Combat
  6134 | D:8      | Reached ** piety under Okawaru
  6200 | D:8      | Found a roughly hewn altar of Beogh.
  6444 | D:9      | Found a staircase to the Orcish Mines.
  6769 | D:9      | Reached skill level 10 in Unarmed Combat
  6802 | D:9      | Noticed Joseph
  7248 | D:9      | Killed Joseph
  7437 | D:9      | Noticed a two-headed ogre
  7443 | D:9      | Killed a two-headed ogre
  7443 | D:9      | Reached *** piety under Okawaru
  7443 | D:9      | Reached XP level 10. HP: 59/102 MP: 6/9
  7462 | D:10     | Entered Level 10 of the Dungeon
  7564 | D:10     | Noticed a wizard
  7581 | D:10     | Killed a wizard
  7581 | D:10     | Reached skill level 11 in Unarmed Combat
  7867 | D:10     | Reached **** piety under Okawaru
  8479 | D:11     | Noticed Urug
  8485 | D:11     | Killed Urug
  8485 | D:11     | Reached ***** piety under Okawaru
  8491 | D:11     | Reached XP level 11. HP: 82/115 MP: 8/10
  8568 | D:11     | Found a radiant altar of Vehumet.
  8578 | D:11     | Noticed Erica
  8581 | D:11     | Noticed a soul eater
  8585 | D:11     | Killed Erica
  8734 | D:11     | Found a sacrificial altar of Ru.
  8803 | D:11     | Reached skill level 12 in Unarmed Combat
  9014 | D:11     | Found a staircase to the Lair.
  9018 | D:11     | Got a steaming granite ring
  9020 | D:11     | Noticed Snorg
  9047 | D:11     | Killed Snorg
  9047 | D:11     | Received a gift from Okawaru
  9047 | D:11     | Reached skill level 5 in Dodging
  9178 | D:11     | Identified the ring "Boib Qal" {rElec rN+ Dex+4 SInv} (You found it on level 11 of the Dungeon)
  9186 | Lair:1   | Entered Level 1 of the Lair of Beasts
 10310 | Lair:2   | Found a dark tunnel.
 10318 | Volcano  | Entered a volcano
 10318 | Volcano  | Noticed ThereIsNoGod's ghost (journeyman SpEE)
 10329 | Volcano  | Killed ThereIsNoGod's ghost
 10331 | Volcano  | Noticed a salamander mystic
 10334 | Volcano  | HP: 5/117 [salamander (6)]
 10336 | Volcano  | Mangled by a salamander

Skill      XL: |  1  2  3  4  5  6  7  8  9 10 11 |
---------------+----------------------------------+-----
Shields        | 3 4 |  4.8
Unarmed Combat | 3 5 7 8 10 11 12 | 12.5
Stealth        | 1 |  1.1
Fighting       | 3 5 7 9 |  9.7
Dodging        | 4 7 |  7.0
Throwing       | |  0.1

Action                   |  1- 3 |  4- 6 |  7- 9 | 10-12 || total
-------------------------+-------+-------+-------+-------++-------
Melee: Unarmed           |   113 |   132 |   287 |   245 ||   777
Throw: Javelin           |       |     1 |     1 |       ||     2
Invok: Heroism           |       |       |     3 |    12 ||    15
Evoke: Wand              |       |       |       |     5 ||     5
  Use: Scroll            |     4 |    11 |     5 |     3 ||    23
       Potion            |       |     3 |     4 |     4 ||    11
 Stab: Sleeping          |     1 |       |     2 |       ||     3
  Eat: Chunk             |    12 |    15 |    34 |    29 ||    90
       Bread ration      |       |     1 |       |     1 ||     2
Armor: Robe              |    39 |    38 |    53 |    44 ||   174
       Troll leather arm |       |       |       |     2 ||     2
Dodge: Dodged            |    32 |    40 |    64 |    87 ||   223
Block: Shield            |    49 |    52 |   102 |    89 ||   292
